Map: Bridgehead LE (Void)

Players

Clemad - Winner!

  • Race: Zerg Zerg
  • League: Grandmaster

Javert

  • Race: Zerg Zerg
  • League: Grandmaster

VOD

Have the link to the VOD?

Description

Time

  • Played on: Sept. 26, 2015, 12:13 a.m.
  • Length: 9:32
Show
View Real Time Build Order
Export as new Build Order

Clemad Zerg - Winner!

Build Orders: Hatch First, Lurkers 

Get SALT Encoding   

  12  0:02  Drone  
  13  0:10  Drone  
  14  0:20  Overlord  
  14  0:38  Drone  
  14  0:39  Drone x2  
  17  0:50  Drone  
  18  1:00  Drone  
  18  1:01  Hatchery  
  18  1:14  Spawning Pool  
  17  1:23  Overlord  
  17  1:26  Drone  
  18  1:33  Drone  
  19  1:51  Drone  
  20  2:01  Drone  
  20  2:06  Drone, Queen  
  24  2:11  Hatchery  
  24  2:13  Queen  
  24  2:15  Drone  
  26  2:22  Spine Crawler  
  25  2:32  Spine Crawler  
  25  2:34  Drone, Extractor x2  
  25  2:35  Drone  
  25  2:36  Drone  
  25  2:39  Drone  
  25  2:42  Drone  
  27  2:48  Overlord  
  27  3:01  Zergling x2  
  27  3:02  Zergling x4  
  30  3:07  Zergling x2  
  30  3:12  Zergling x2  
  32  3:16  Zergling x6  
  32  3:17  Zergling x2  
  36  3:21  Metabolic Boost  
  35  3:30  Drone  
  35  3:31  Drone x3  
  37  3:40  Drone x3  
  40  3:43  Drone  
  41  3:49  Drone  
  41  3:50  Drone x2  
  41  3:54  Drone  
  41  3:55  Drone  
  46  3:57  Drone  
  47  4:05  Drone x3  
  47  4:08  Overlord  
  48  4:36  Queen  
  50  4:38  Lair  
  50  4:39  Drone  
  50  4:40  Drone x7  
  50  4:41  Overlord x2  
  58  4:53  Overlord x2  
  58  5:05  Extractor  
  56  5:07  Extractor x2  
  56  5:12  Drone x3  
  56  5:13  Overlord  
  57  5:15  Drone x5  
  57  5:16  Drone  
  57  5:17  Drone x3, Extractor  
  57  5:18  Drone x2  
  67  5:27  Drone  
  67  5:28  Drone x2  
  70  5:32  Evolution Chamber  
  69  5:36  Evolution Chamber  
  69  5:42  Drone x2, Infestation Pit  
  69  5:43  Drone x5  
  74  5:58  Hydralisk Den  
  73  6:05  Zerg Ground Armor Level 1, Zerg Melee Weapons Level 1  
  73  6:07  Overlord x3  
  73  6:08  Zergling x2  
  73  6:09  Zergling x8  
  77  6:13  Hatchery  
  77  6:17  Lurker Den  
  75  6:28  Overlord x2  
  75  6:30  Hive  
  75  6:38  Overlord x2  
  75  6:39  Hydralisk x4  
  77  6:40  Hydralisk  
  77  6:42  Hydralisk  
  87  6:50  Hydralisk  
  87  6:51  Hydralisk x2  
  93  7:03  Pathogen Glands  
  93  7:24  Hydralisk  
  93  7:25  Hydralisk x4  
  93  7:27  Zergling x28  
  93  7:28  Zergling x8  
  121  7:40  Hydralisk  
  121  7:48  Lurker x6  
  121  7:49  Lurker x2  
  129  7:55  Pneumatized Carapace  
  129  7:58  Drone x8  
  130  7:59  Drone x6  
  137  8:05  Ultralisk Cavern  
  136  8:19  Extractor x2  
  132  8:53  Hatchery  
  126  9:15  Lurker  
Show
View Real Time Build Order
Export as new Build Order

Javert Zerg 

Build Orders: Pool First 

Get SALT Encoding   

  12  0:01  Drone  
  13  0:12  Overlord  
  13  0:20  Drone  
  14  0:32  Drone x2  
  16  0:41  Spawning Pool  
  15  0:44  Drone  
  15  0:49  Drone  
  17  0:56  Drone  
  18  1:14  Hatchery  
  18  1:17  Drone  
  18  1:20  Extractor  
  18  1:21  Drone  
  18  1:33  Roach Warren  
  17  1:40  Queen  
  17  1:46  Drone  
  20  1:50  Overlord  
  20  2:14  Roach x3  
  26  2:26  Roach  
  28  2:36  Queen  
  30  2:39  Roach  
  32  2:57  Hatchery  
  31  3:01  Drone x3  
  34  3:11  Overlord  
  34  3:20  Overlord  
  26  3:37  Drone x6  
  32  4:03  Baneling Nest  
  32  4:04  Roach  
  32  4:05  Evolution Chamber, Roach  
  32  4:18  Roach x2  
  32  4:23  Roach  
  32  4:24  Roach x2  
  37  4:36  Queen  
  36  4:53  Drone  
  36  4:54  Drone x5  
  42  5:03  Ravager x2  
  44  5:11  Queen  
  46  5:21  Drone  
  46  5:22  Drone x3  
  46  5:24  Overlord  
  46  5:26  Extractor  
  49  5:29  Drone  
  49  5:31  Overlord  
  50  5:38  Evolution Chamber  
  50  5:42  Ravager  
  50  5:53  Evolution Chamber  
  50  5:55  Baneling Nest  
  48  5:58  Drone  
  48  5:59  Drone x5  
  54  6:28  Drone  
  54  6:29  Drone x11  
  66  6:34  Zerg Missile Weapons Level 1  
  66  6:38  Lair  
  66  6:45  Overlord x2  
  66  6:56  Overlord  
  66  6:57  Overlord x2  
  66  7:05  Roach x4  
  74  7:11  Overlord  
  74  7:17  Zerg Ground Armor Level 1  
  74  7:20  Extractor  
  74  7:21  Extractor  
  72  7:28  Drone, Extractor  
  72  7:29  Drone x7  
  79  7:30  Extractor  
  79  7:36  Ravager  
  79  7:38  Drone  
  79  7:39  Drone x4  
  84  7:47  Overseer  
  84  7:49  Overlord  
  84  7:50  Drone  
  84  7:51  Drone x2  
  87  8:15  Roach x2  
  87  8:16  Roach x7  
  105  8:25  Pneumatized Carapace  
  105  8:33  Overlord  
  105  8:35  Overlord  
  105  8:39  Overlord  
  105  8:40  Drone  
  106  8:41  Spine Crawler x2  
  78  8:56  Roach  
  78  8:57  Roach x6  
  78  8:59  Extractor x2  
  91  9:13  Roach x5  
  92  9:17  Hatchery  
  109  9:26  Ravager, Hydralisk Den  
  109  9:27  Ravager x4  
Tags
 
Add a new tag
Caveats
  • Supply blocks, unpowered buildings, or Contaminate may cause inaccurate times.
  • Supply counts are checked every 10 seconds.